 Dungeon Crawl Stone Soup version 0.18.1-47-g9310371 (console) character file.

3194 Kloppie the Carver (level 9, -7/81 HPs)
             Began as a Centaur Berserker on June 22, 2016.
             Was a Priest of Trog.
             Mangled by a wyvern (10 damage)
             ... on level 8 of the Dungeon.
             The game lasted 00:12:53 (8063 turns).

Kloppie the Carver (Centaur Berserker)              Turns: 8063, Time: 00:12:53

Health: -7/81      AC:  8    Str: 20    XL:     9   Next: 64%
Magic:  9/9        EV:  9    Int:  6    God:    Trog [***...]
Gold:   348        SH:  0    Dex: 12    Spells: 0 memorised, 8 levels left

rFire  + . .     SeeInvis .     a - +1 long sword (holy)
rCold  + . .     Gourm    .     e - +1 ring mail {MR+}
rNeg   + . .     Faith    .     (no shield)
rPois  +         Spirit   .     (no helmet)
rElec  +         Dismiss  .     (no cloak)
rCorr  +         Reflect  .     o - +0 pair of gloves
SustAt .         Harm     .     (no barding)
MR     +++..                    p - amulet of inaccuracy (curse)
Stlth  ..........               (no ring)
                                B - ring of positive energy

@: lethally poisoned (-7 -> -10), resistant, regenerating, very quick, extremely
resistant to hostile enchantments, extremely unstealthy
A: hooves 3, deformed body, speed 2, tough skin 3
a: Berserk, Trog's Hand, Burn Spellbooks, Renounce Religion


You were on level 8 of the Dungeon.
You worshipped Trog.
Trog was most pleased with you.
You were not hungry.

You visited 1 branch of the dungeon, and saw 8 of its levels.
You also visited: Sewer.

You collected 397 gold pieces.
You spent 49 gold pieces at shops.

Inventory:

Hand Weapons
 a - a +1 long sword of holy wrath (weapon)
 k - a +1 falchion
Missiles
 u - 86 arrows
Armour
 e - a +1 ring mail of magic resistance (worn)
 h - a +0 chain mail
 o - a +0 pair of gloves (worn)
Rods
 b - a +0 lightning rod (11/11)
   (You found it on level 4 of the Dungeon)
Jewellery
 g - a +3 amulet of reflection
 p - a cursed amulet of inaccuracy (around neck)
 B - a ring of positive energy (left hand)
Wands
 t - a wand of paralysis (14/24)
Scrolls
 f - a scroll of magic mapping
 l - 2 scrolls of fog
Potions
 d - 3 potions of heal wounds
 i - 2 potions of curing {unknown}
 m - 3 potions of flight {unknown}
 s - a potion of haste
 v - 3 potions of cure mutation {unknown}
 x - a potion of might {unknown}
 A - 2 potions of mutation {unknown}
Comestibles
 c - 6 bread rations
 r - 4 slices of pizza
 z - 2 meat rations
 D - a beef jerky


   Skills:
 - Level 8.0 Fighting
 - Level 9.9 Long Blades
 + Level 4.0 Armour
 - Level 1.3 Dodging


You had 8 spell levels left.
You didn't know any spells.

Dungeon Overview and Level Annotations

Branches:
Dungeon (8/15)             Temple (0/1) D:7
   Lair: D:8-11

Altars:
Cheibriados
Elyvilon
Fedhas
Gozag
Nemelex Xobeh
Okawaru
Pakellas
Qazlal
Sif Muna
Zin
The Shining One

Shops:
D:5 =


Innate Abilities, Weirdness & Mutations

You have hooves in place of feet.
Armour fits poorly on your strangely shaped body.
You cover ground very quickly.
You have extremely tough skin (AC +3).


Message History

You closely miss the wyvern. You kick the wyvern, but do no damage.
The wyvern is moderately wounded.
You feel sick.
The wyvern bites you but does no damage.
The killer bee closely misses you. The wyvern misses you.
The killer bee completely misses you.
You barely miss the wyvern. Your kick misses the wyvern.
The wyvern is moderately wounded.
You feel sick.
The killer bee stings you but does no damage.
The wyvern bites you!
* * * LOW HITPOINT WARNING * * *
Your skin crawls.
You feel resistant to hostile enchantments.
You feel slightly more hungry.
You feel sick.
The killer bee stings you but does no damage.
The wyvern bites you!
* * * LOW HITPOINT WARNING * * *
The killer bee closely misses you. The wyvern bites you!
You die...

## ..# #.# ###.######
##.......#####
##...........#
##.##.....<..#####
##.##.##.#.....l.#
##.##.##.#.#.#.#@#
...............#y####...
.......##.......yy......
.......##...............
.......##......#......).
......###..###.#.####...
......# #......#.# y.
####### #........# .
######.########


You could see a wyvern and 3 killer bees.

Vanquished Creatures
  Pikel (D:6)
  Prince Ribbit (D:6)
  Grinder (D:4)
  Edmund (D:4)
  An ice beast (D:7)
  2 phantoms
  2 sky beasts
  4 ogres
  A necrophage (D:7)
  3 centaurs
  A big kobold (Sewer)
  Blork the orc (D:6)
  A howler monkey (D:5)
  4 crimson imps (D:7)
  A hound (D:4)
  2 orc priests
  5 orc wizards
  Jessica (D:2)
  Terence (D:3)
  2 iguanas
  4 worker ants
  A howler monkey zombie (D:7)
  8 gnolls
  A howler monkey skeleton (D:5)
  13 adders
  5 river rats
  A shadow imp (D:7)
  An adder skeleton (D:6)
  4 worms
  4 dart slugs
  6 giant geckos
  22 orcs
  6 ball pythons
  5 giant cockroaches
  5 goblins
  4 hobgoblins
  6 jackals
  6 kobolds
  8 quokkas
  6 bats
  6 giant newts
  A quokka skeleton (D:5)
  6 rats
165 creatures vanquished.

Vanquished Creatures (others)
  An adder (D:6)
1 creature vanquished.

Grand Total: 166 creatures vanquished

Notes
Turn   | Place    | Note
--------------------------------------------------------------
     0 | D:1      | Kloppie the Centaur Berserker began the quest for the Orb.
     0 | D:1      | Reached XP level 1. HP: 19/19 MP: 1/1
    80 | D:1      | Reached skill level 3 in Long Blades
    95 | D:1      | Reached XP level 2. HP: 26/26 MP: 2/2
   573 | D:2      | Found a sparkling altar of Nemelex Xobeh.
   825 | D:2      | Reached XP level 3. HP: 29/31 MP: 3/3
   849 | D:2      | Found a white marble altar of Elyvilon.
   850 | D:2      | Found a glowing golden altar of the Shining One.
   850 | D:2      | Found a glowing silver altar of Zin.
   987 | D:2      | Found a glowing golden altar of the Shining One.
  1000 | D:2      | Reached skill level 4 in Long Blades
  1014 | D:2      | Reached ** piety under Trog
  1070 | D:2      | Noticed Jessica
  1073 | D:2      | Killed Jessica
  1132 | D:2      | Reached XP level 4. HP: 25/38 MP: 4/4
  1723 | D:3      | Noticed an ogre
  1737 | D:3      | Killed an ogre
  1737 | D:3      | Reached skill level 5 in Long Blades
  1737 | D:3      | Reached XP level 5. HP: 45/45 MP: 5/5
  1820 | D:3      | Found a snail-covered altar of Cheibriados.
  1820 | D:3      | Noticed Terence
  1842 | D:3      | Killed Terence
  1918 | D:3      | Reached skill level 6 in Long Blades
  2008 | D:3      | Found an iron altar of Okawaru.
  2028 | D:3      | Reached XP level 6. HP: 18/51 MP: 6/6
  2580 | D:4      | Noticed Grinder
  2607 | D:4      | Killed Grinder
  2607 | D:4      | Reached skill level 7 in Long Blades
  2847 | D:4      | Reached XP level 7. HP: 55/57 MP: 7/7
  3232 | D:4      | Noticed Edmund
  3245 | D:4      | Killed Edmund
  3407 | D:4      | Reached skill level 8 in Long Blades
  3818 | D:5      | Entered Level 5 of the Dungeon
  4178 | D:5      | Found Horuorej's Jewellery Shop.
  4181 | D:5      | Bought a cursed ring of teleportation for 49 gold pieces
  4261 | D:5      | Reached skill level 9 in Long Blades
  4261 | D:5      | Reached XP level 8. HP: 41/63 MP: 8/8
  4275 | D:5      | You fall through a shaft!
  4310 | D:6      | Noticed Blork the orc
  4326 | D:6      | Killed Blork the orc
  4763 | D:6      | Found a glowing drain.
  4879 | Sewer    | Entered a sewer
  5154 | Sewer    | Reached *** piety under Trog
  5171 | Sewer    | Found a glowing silver altar of Zin.
  5839 | D:5      | Found a deep blue altar of Sif Muna.
  5839 | D:5      | Found a snail-covered altar of Cheibriados.
  6176 | D:6      | Reached skill level 5 in Fighting
  6315 | D:6      | Found an opulent altar of Gozag.
  6316 | D:6      | Noticed Pikel
  6354 | D:6      | Killed Pikel
  6354 | D:6      | Reached XP level 9. HP: 79/79 MP: 9/9
  6554 | D:6      | Noticed Prince Ribbit
  6567 | D:6      | Killed Prince Ribbit
  6700 | D:6      | Found an oddly glowing altar of Pakellas.
  6729 | D:6      | Identified a scroll of acquirement
  6782 | D:7      | Found a staircase to the Ecumenical Temple.
  7373 | D:7      | Found a stormy altar of Qazlal.
  7403 | D:7      | Found a blossoming altar of Fedhas.
  8063 | D:8      | HP: 3/81 [wyvern (12)]
  8063 | D:8      | Mangled by a wyvern

Skill      XL: |  1  2  3  4  5  6  7  8  9 |
---------------+----------------------------+-----
Long Blades    | 3 4 5 6 7 9 |  9.9
Fighting       | 7 8 |  8.0
Armour         | 4 |  4.0
Dodging        | |  1.3

Action                   |  1- 3 |  4- 6 |  7- 9 || total
-------------------------+-------+-------+-------++-------
Melee: Falchion          |    75 |   128 |   356 ||   559
       Kick              |    14 |    29 |   133 ||   176
       Long sword        |       |       |   144 ||   144
Invok: Berserk           |       |     4 |     8 ||    12
       Trog's Hand       |       |     4 |    13 ||    17
  Use: Potion            |       |       |     4 ||     4
       Scroll            |       |       |    15 ||    15
  Eat: Chunk             |       |     9 |    20 ||    29
       Meat ration       |       |       |     1 ||     1
Armor: Animal skin       |     7 |       |       ||     7
       Ring mail         |    34 |       |    38 ||    72
       Robe              |     5 |    27 |    75 ||   107
       Chain mail        |       |       |    19 ||    19
Dodge: Dodged            |    34 |    44 |   154 ||   232
Block: Other             |       |    14 |    51 ||    65
